 Dungeon Crawl Stone Soup version 0.22.0-40-g68aacdc (webtiles) character file.

6157 Nilihum the Grappler (level 10, -15/93 (94) HPs)
             Began as a Ghoul Gladiator on Sept 2, 2018.
             Was an Elder of Makhleb.
             Killed from afar by a lindwurm (25 damage)
             ... with a blast of flame
             ... on level 1 of the Lair of Beasts.
             The game lasted 00:19:35 (7590 turns).

Nilihum the Grappler (Ghoul Gladiator)              Turns: 7590, Time: 00:19:36

HP:   -15/93 (94)   AC: 19    Str: 22    XL:     10   Next: 90%
MP:   12/12         EV:  8    Int:  6    God:    Makhleb [****..]
Gold: 594           SH:  0    Dex: 10    Spells: 9/9 levels left

rFire    . . .     SeeInvis .     - Unarmed
rCold    + . .     Gourm    .   (no shield)
rNeg     + + +     Faith    +   C - +4 plate armour {rPois}
rPois    ∞         Spirit   .   j - +0 helmet {Int+3}
rElec    .         Reflect  .   w - +0 cloak
rCorr    +         Harm     .   (no gloves)
MR       .....                  F - +0 pair of boots
Stlth    ..........             E - amulet of faith {Faith, !P}
HPRegen  0.00/turn              e - ring of resist corrosion
MPRegen  0.13/turn              (no ring)

@: rotting
A: rotting body, claws 1, carnivore, cold resistance 1, negative energy
resistance 3, inhibited regeneration, torment resistance, unbreathing
a: Minor Destruction, Lesser Servant of Makhleb, Major Destruction, Renounce
Religion


You were on level 1 of the Lair of Beasts.
You worshipped Makhleb.
Makhleb was greatly pleased with you.
You were not hungry.

You visited 2 branches of the dungeon, and saw 9 of its levels.
You also visited: Bailey.

You collected 594 gold pieces.

Inventory:

Missiles
 c - 3 throwing nets {=f, !d}
Armour
 j - a +0 helmet of intelligence (worn)
   (You found it on level 4 of the Dungeon)
 w - a +0 cloak (worn)
   (You found it on level 4 of the Dungeon)
 C - a +4 plate armour of poison resistance (worn)
   (You took it off an orc warrior in a bailey)
 F - a +0 pair of boots (worn)
   (You found it on level 6 of the Dungeon)
 I - the +1 cloak of Goh Luil {rPois Str+3 Int-4}
   (You found it in a bailey)

   It affects your strength (+3).
   It affects your intelligence (-4).
   It protects you from poison.
Jewellery
 e - a ring of resist corrosion (left claw)
   (You found it on level 1 of the Dungeon)
 m - an uncursed ring of protection from cold {rC+, !d}
   (You found it on level 2 of the Dungeon)
 o - an uncursed amulet of guardian spirit {Spirit}
   (You found it on level 3 of the Dungeon)
 p - an uncursed ring of stealth {Stlth+}
   (You found it on level 3 of the Dungeon)
 E - an amulet of faith (around neck) {Faith, !P}
   (You found it on level 6 of the Dungeon)
Wands
 q - a wand of disintegration (3)
   (You found it on level 4 of the Dungeon)
 x - a wand of iceblast (16)
   (You found it on level 5 of the Dungeon)
 B - a wand of paralysis (5)
   (You found it on level 5 of the Dungeon)
Scrolls
 a - 3 scrolls of remove curse
 h - 3 scrolls of teleportation
 i - a scroll of magic mapping {!r}
 l - a scroll of fog
 n - 11 scrolls of identify
 t - a scroll of amnesia
Potions
 f - 2 potions of flight {unknown}
 g - 2 potions of resistance {unknown}
 k - 2 potions of magic {unknown}
 s - 4 potions of curing {unknown}
 u - 2 potions of invisibility {unknown}
 v - 2 potions of lignification {unknown}
 A - 2 potions of heal wounds {unknown}
Miscellaneous
 z - a lightning rod (4/4)
   (You found it in a bailey)
Comestibles
 d - 14 rations


   Skills:
 + Level 10.6 Fighting
 - Level 1.7 Throwing
 * Level 4.0 Armour
 - Level 5.0 Dodging
 + Level 10.9 Unarmed Combat
 - Level 5.1 Evocations


You had 9 spell levels left.
You didn't know any spells.
Your spell library contained the following spells:

 Spells                   Type           Power        Failure   Level  Hunger
 Cause Fear               Hex            #.........   100%        4    #####..
 Silence                  Hex/Air        #.........   100%        5    ######.
 Yara's Violent Unravell  Hex/Tmut       #.........   100%        5    ######.
 Deflect Missiles         Chrm/Air       #.........   100%        6    #######
 Discord                  Hex            #.........   100%        8    #######


Dungeon Overview and Level Annotations

Branches:
Dungeon (8/15)             Temple (0/1) D:4            Lair (1/6) D:8

Altars:
Ashenzari
Elyvilon
Hepliaklqana
Kikubaaqudgha
Makhleb
Nemelex Xobeh
Okawaru
Qazlal
Ru
Trog
Wu Jian

Shops:
D:8 [

Annotations:
D:7 3 runed doors, Gildeon's ghost, novice GrFi


Innate Abilities, Weirdness & Mutations

Your body is rotting away.
You thrive on raw meat.
You are immune to poison.
You have sharp fingernails.
You are carnivorous and can eat meat at any time.
Your flesh is cold resistant. (rC+)
You are immune to negative energy. (rN+++)
You do not regenerate when monsters are visible.
You are immune to unholy pain and torment.
You can survive without breathing.


Message History

You mangle the yak!!
You kill the yak!
Makhleb accepts your kill.
You feel better.
You regained 13 hp, and now have 70/93 hp.
You scratch the yak but do no damage. The yak closely misses you.
You barely miss the yak. The yak gores you but does no damage.
You mangle the yak!!
You kill the yak!
Makhleb accepts your kill.
You feel better.
You regained 8 hp, and now have 78/93 hp.
You barely miss the yak. The yak gores you but does no damage.
You claw the yak! The yak gores you.
You take 1 damage, and have 77/93 hp.
You mangle the yak!! You barely miss the yak.
The yak gores you but does no damage.
You closely miss the yak. The yak gores you but does no damage.
You claw the yak! The yak closely misses you.
You closely miss the yak. The yak gores you.
You take 6 damage, and have 71/93 hp.
You claw the yak!
You kill the yak!
Makhleb accepts your kill.
You feel better.
You regained 9 hp, and now have 80/93 hp.
You mangle the yak!! The yak barely misses you.
All of the chunks of flesh in your inventory have rotted away.
You mangle the yak!! The yak gores you.
You take 3 damage, and have 77/93 hp.
You claw the yak!
You kill the yak!
Makhleb accepts your kill.
You can now hurl Makhleb's greater destruction.
You feel better. The lindwurm breathes flames at you.
The blast of flame hits you!
You take 12 damage, and have 65/93 hp.
You scratch the yak but do no damage. The yak barely misses you.
You claw the yak! The yak gores you.
You take 2 damage, and have 63/93 hp.
You scratch the yak. Your claw misses the yak. You claw the yak!
The yak gores you.
You take 5 damage, and have 58/93 hp.
You scratch the yak. The yak gores you but does no damage.
You claw the yak!
You kill the yak!
Makhleb accepts your kill.
Your Armour skill increases to level 4!
The lindwurm breathes flames at you. The blast of flame hits you!
You take 20 damage, and have 38/93 hp.
MASSIVE DAMAGE!!
You are too injured to fight recklessly!
You are too injured to fight recklessly!
The lindwurm barely misses you.
The lindwurm claws you but does no damage. x2
Things that are here:
a yak corpse x3
You scratch the lindwurm but do no damage.
The lindwurm closely misses you. The lindwurm claws you.
The lindwurm barely misses you.
You take 3 damage, and have 35/93 hp.
You scratch the lindwurm. The lindwurm bites you!
The lindwurm barely misses you. The lindwurm claws you.
* * * LOW HITPOINT WARNING * * *
You take 11 damage, and have 24/93 hp.
You scratch the lindwurm but do no damage.
Your claw misses the lindwurm. The lindwurm completely misses you.
The lindwurm claws you but does no damage. x2
You barely miss the lindwurm.
You scratch the lindwurm but do no damage.
The lindwurm barely misses you.
The lindwurm claws you but does no damage.
The lindwurm claws you.
* * * LOW HITPOINT WARNING * * *
You take 5 damage, and have 19/93 hp.
Okay, then.
Okay, then.
You scratch the lindwurm but do no damage.
The lindwurm bites you.
* * * LOW HITPOINT WARNING * * *
The lindwurm barely misses you.
The lindwurm claws you but does no damage.
You take 4 damage, and have 15/93 hp.
You scratch the lindwurm.
The lindwurm bites you but does no damage.
The lindwurm claws you but does no damage.
The lindwurm claws you.
* * * LOW HITPOINT WARNING * * *
You take 5 damage, and have 10/93 hp.
You claw the lindwurm!
You claw the lindwurm, but do no damage.
You claw the lindwurm! The lindwurm barely misses you.
The lindwurm claws you but does no damage.
The lindwurm completely misses you.
You scratch the lindwurm. The lindwurm breathes flames at you.
The blast of flame hits you!
You die...

#.P.... .....
##.... .....
#...# #...#
#.k### #@#.#
#..#.##
##..#..#
#......##
##....#.###
#....##.P### #
#...##...#.##P#
#... ##.......)
#### #.........


You could see a lindwurm.

Vanquished Creatures
  An orc knight (Bailey)
  Prince Ribbit (D:6)
  Sigmund (D:3)
  6 yaks (Lair:1)
  A wyvern (D:8)
  A basilisk (D:8)
  A hungry ghost (D:8)
  2 water moccasins
  2 porcupines (D:8)
  An ice beast (D:5)
  A phantom (D:6)
  5 orc warriors (Bailey)
  4 sky beasts
  5 black bears
  A necrophage (D:8)
  A wolf (D:8)
  3 ogres
  3 centaurs
  4 crocodiles
  A big kobold (D:3)
  A bullfrog (Lair:1)
  4 scorpions
  A howler monkey (D:5)
  A bullfrog zombie (D:6)
  3 crimson imps
  A jelly (D:5)
  3 orc wizards
  An orc priest (D:5)
  A bullfrog skeleton (D:7)
  3 hounds
  4 iguanas
  6 worker ants
  A hound zombie (D:7)
  3 hound skeletons (D:8)
  8 adders
  2 shadow imps (D:5)
  An ooze (D:5)
  2 adder skeletons
  4 worms
  2 dart slugs (D:1)
  5 leopard geckos
  28 orcs
  A ball python (D:8)
  6 giant cockroaches
  8 goblins
  9 hobgoblins
  6 jackals
  4 quokkas
  7 bats
  5 frilled lizards
  7 kobolds
  A leopard gecko zombie (D:5)
  A quokka skeleton (D:5)
  2 rats
187 creatures vanquished.

Vanquished Creatures (others)
  A fungus (D:8)
1 creature vanquished.

Grand Total: 188 creatures vanquished

Notes
Turn   | Place    | Note
-------+----------+-------------------------------------------
     0 | D:1      | Nilihum the Ghoul Gladiator began the quest for the Orb.
     0 | D:1      | Reached XP level 1. HP: 17/17 MP: 0/0
   191 | D:1      | Reached XP level 2. HP: 25/25 MP: 1/1
   325 | D:1      | Reached skill level 3 in Dodging
   756 | D:2      | Reached XP level 3. HP: 27/30 MP: 2/2
   935 | D:2      | Reached skill level 3 in Fighting
   961 | D:2      | Reached skill level 4 in Unarmed Combat
  1046 | D:2      | Reached XP level 4. HP: 29/38 MP: 3/3
  1351 | D:3      | Noticed Sigmund
  1381 | D:3      | Killed Sigmund
  1381 | D:3      | Reached skill level 4 in Fighting
  1381 | D:3      | Reached skill level 4 in Dodging
  1381 | D:3      | Reached XP level 5. HP: 22/46 MP: 2/4
  1381 | D:3      | Reached XP level 6. HP: 25/52 MP: 2/5
  1385 | D:3      | Reached skill level 5 in Unarmed Combat
  2143 | D:3      | Found an iron altar of Okawaru.
  2143 | D:3      | Found a burning altar of Makhleb.
  2146 | D:3      | Found a stormy altar of Qazlal.
  2148 | D:3      | Found a white marble altar of Elyvilon.
  2152 | D:3      | Became a worshipper of Makhleb the Destroyer
  2206 | D:4      | Reached XP level 7. HP: 55/60 MP: 3/6
  2256 | D:4      | Reached skill level 5 in Fighting
  2350 | D:4      | Found a staircase to the Ecumenical Temple.
  2853 | D:4      | Reached skill level 5 in Dodging
  2853 | D:4      | Reached skill level 1 in Evocations
  3287 | D:5      | Entered Level 5 of the Dungeon
  3302 | D:5      | Reached skill level 6 in Unarmed Combat
  3356 | D:5      | Reached skill level 2 in Evocations
  3383 | D:5      | Reached XP level 8. HP: 35/70 MP: 5/8
  3622 | D:5      | Reached skill level 6 in Fighting
  3639 | D:5      | Reached * piety under Makhleb
  3736 | D:5      | Reached skill level 3 in Evocations
  3852 | D:5      | Reached skill level 7 in Unarmed Combat
  3908 | D:5      | Found a sparkling altar of Nemelex Xobeh.
  4158 | D:5      | Found a sacrificial altar of Ru.
  4337 | D:6      | Found a hazy altar of Hepliaklqana.
  4355 | D:6      | Noticed Prince Ribbit
  4358 | D:6      | Killed Prince Ribbit
  4358 | D:6      | Reached skill level 7 in Fighting
  4358 | D:6      | Reached skill level 4 in Evocations
  4389 | D:6      | Reached XP level 9. HP: 68/79 MP: 9/11
  4542 | D:6      | Reached ** piety under Makhleb
  4933 | D:7      | Found a runed gate.
  4934 | D:7      | Found a runed gate.
  4934 | D:7      | Noticed Gildeon's ghost (novice GrFi)
  4935 | D:7      | Found a runed gate.
  5000 | D:7      | Reached skill level 8 in Unarmed Combat
  5349 | D:7      | Found an ancient bone altar of Kikubaaqudgha.
  5387 | D:7      | Found an ornate altar of the Wu Jian Council.
  5448 | D:7      | Reached skill level 8 in Fighting
  5534 | D:8      | Reached skill level 5 in Evocations
  5547 | D:8      | Found Wely's Armour Boutique.
  5559 | D:8      | HP: 16/81 [ogre/giant spiked club (21)]
  5612 | D:8      | Found a flagged portal.
  5645 | D:8      | Reached skill level 9 in Unarmed Combat
  5677 | Bailey   | Entered a bailey
  5744 | Bailey   | Noticed an orc knight
  5960 | Bailey   | Killed an orc knight
  5960 | Bailey   | Reached *** piety under Makhleb
  5960 | Bailey   | Reached skill level 9 in Fighting
  5960 | Bailey   | Reached XP level 10. HP: 91/91 MP: 12/12
  6000 | Bailey   | HP: 22/91 [orc warrior/glaive (19)]
  6001 | Bailey   | HP: 10/91 [orc warrior/glaive (12)]
  6179 | Bailey   | Reached skill level 10 in Unarmed Combat
  6223 | Bailey   | Got a distressingly furry cloak
  6234 | Bailey   | Identified the +1 cloak of Goh Luil {rPois Str+3 Int-4} (You found it in a bailey)
  6386 | D:8      | Found a shattered altar of Ashenzari.
  6527 | D:8      | Reached skill level 10 in Fighting
  6550 | D:8      | Found a staircase to the Lair.
  6561 | D:8      | Reached skill level 1 in Armour
  6708 | D:8      | Found a bloodstained altar of Trog.
  6989 | D:8      | Reached skill level 2 in Armour
  7299 | Lair:1   | Entered Level 1 of the Lair of Beasts
  7551 | Lair:1   | Reached skill level 3 in Armour
  7551 | Lair:1   | Noticed a lindwurm
  7573 | Lair:1   | Reached **** piety under Makhleb
  7579 | Lair:1   | Reached skill level 4 in Armour
  7585 | Lair:1   | HP: 19/93 [lindwurm (5)]
  7590 | Lair:1   | Killed from afar by a lindwurm

Skill      XL: |  1  2  3  4  5  6  7  8  9 10 |
---------------+-------------------------------+-----
Dodging        | 3 4 5 |  5.0
Fighting       | 3 4 5 7 9 10 | 10.6
Unarmed Combat | 4 5 6 7 9 10 | 10.9
Evocations     | 2 4 5 |  5.1
Armour         | 4 |  4.0
Throwing       | |  1.7

Action                   |  1- 3 |  4- 6 |  7- 9 | 10-12 || total
-------------------------+-------+-------+-------+-------++-------
Melee: Unarmed           |    69 |   109 |   350 |   183 ||   711
       Punch             |       |     1 |    12 |     6 ||    19
Evoke: Wand              |       |       |    20 |     8 ||    28
  Use: Scroll            |     7 |       |     1 |     6 ||    14
       Potion            |       |     1 |       |       ||     1
 Stab: Paralysed         |       |       |     6 |     2 ||     8
  Eat: Chunk             |     2 |     7 |    15 |     6 ||    30
Armor: Leather armour    |     2 |       |       |       ||     2
       Ring mail         |    20 |    26 |    37 |       ||    83
       Scale mail        |       |       |    33 |       ||    33
       Plate armour      |       |       |    94 |    75 ||   169
Dodge: Dodged            |    40 |    55 |   160 |    61 ||   316

Vault maps used:
D:1:      grunt_arrival_lava_bath, serial_forest, infiniplex_forest_3_way,
          infiniplex_forest_clump_medium, infiniplex_forest_end_3,
          infiniplex_forest_lined_room_, infiniplex_forest_lined_room_3,
          infiniplex_forest_end_2, infiniplex_forest_lined_4_way,
          infiniplex_forest_clump_large, infiniplex_forest_clump_medium,
          infiniplex_forest_end_2
D:3:      cheibrodos_thug_alley, minitemple, uniq_sigmund
D:4:      minmay_temple_entry_mist, first_ration
D:5:      nemelex_xobeh_ov_fountains_minmay, kennysheep_mini
D:6:      marbit_many_paths, uniq_prince_ribbit1
D:7:      kennysheep_mini_moat, nicolae_overflow_hidden_temple,
          gammafunk_ghost_nasty_kobolds
D:8:      lemuel_doored_altar, evilmike_ruin_ashenzari, minmay_lair_entry_grove,
          serial_shops, nicolae_shop_statue_plus, enter_bailey_3
Lair:1:   infiniplex_staircase_pool
Bailey:   bailey_polearm_1, bailey

Table legend:
 A = Turns spent in this place as a percentage of turns spent in the entire game.
 B = Non-inter-level travel turns spent in this place as a percentage of non-inter-level travel turns spent in the entire game.
 C = Inter-level travel turns spent in this place as a percentage of turns spent in this place.
 D = Turns resting spent in this place as a percentage of non-inter-level travel turns spent in this place.
 E = Turns spent auto-exploring this place as a percentage of non-inter-level travel turns spent in this place.
 F = Non-inter-level travel turns spent in this place divided by the number of levels of this place that you've seen.
                   A       B       C       D       E      F
               +-------+-------+-------+-------+-------+----------------------
         Total | 100.0 | 100.0 |   3.1 |  10.2 |  59.0 | 735.3
       Dungeon |  87.7 |  87.3 |   3.6 |   8.1 |  63.7 | 802.6
          Lair |   3.8 |   4.0 |   0.0 |   0.0 |  69.1 | 291.0
        Bailey |   8.4 |   8.7 |   0.0 |  35.9 |   7.3 | 641.0
               +-------+-------+-------+-------+-------+----------------------

Table legend:
 A = Kills in this place as a percentage of kills in entire the game.
 B = Kills by you in this place as a percentage of kills by you in the entire game.
 C = Kills by friends in this place as a percentage of kills by friends in the entire game.
 D = Other kills in this place as a percentage of other kills in the entire game.
 E = Experience gained in this place as a percentage of experience gained in the entire game.
 F = Experience gained in this place divided by the number of levels of this place that you have seen.
                   A       B       C       D       E      F
               +-------+-------+-------+-------+-------+----------------------
         Total | 100.0 | 100.0 |   N/A |   N/A | 100.0 | 879.6
       Dungeon |  86.1 |  86.1 |   N/A |   N/A |  67.3 | 739.6
          Lair |   4.8 |   4.8 |   N/A |   N/A |  18.2 | 1597.0
        Bailey |   9.1 |   9.1 |   N/A |   N/A |  14.6 | 1282.0
               +-------+-------+-------+-------+-------+----------------------
